 Dungeon Crawl Stone Soup version 0.30-a0-728-gc68057be0a (webtiles) character file.

Game seed: 849902836556304444

415 sokol815 the Prestidigitator (level 6, -3/44 HPs)
             Began as a Gnoll Wanderer on Feb 1, 2023.
             Killed by nerve-wracking pain
             ... invoked by Menkaure
              (13 damage)
             ... on level 5 of the Dungeon.
             The game lasted 00:10:39 (4368 turns).

sokol815 the Prestidigitator (Gnoll Wanderer)       Turns: 4368, Time: 00:10:39

Health: -3/44      AC: 10    Str: 16    XL:     6   Next: 91%
Magic:  11/11      EV: 15    Int: 11    God:
Gold:   283        SH:  0    Dex: 15    Spells: 11/12 levels left

rFire   . . .      SeeInvis .    x - +3 dagger (venom)
rCold   . . .      Faith    .    (no shield)
rNeg    . . .      Spirit   .    k - +0 scale mail
rPois   .          Reflect  .    n - +1 helmet
rElec   .          Harm     +    e - scarf {harm}
rCorr   .          Rampage  .    (no gloves)
Will    .....                    l - +0 pair of boots
Stlth   +                        (no amulet)
HPRegen 0.27/turn                E - +5 ring of evasion
MPRegen 0.12/turn                j - +6 ring of strength

@: no status effects
A: fangs 1, strong nose, distributed training
a: no special abilities


You were on level 5 of the Dungeon.
You visited 1 branch of the dungeon, and saw 5 of its levels.

You collected 283 gold pieces.

Inventory:

Hand Weapons
 a - a +4 heavy hand axe
   (You took it off an orc on level 4 of the Dungeon)
 m - a +0 spear of freezing
   (You found it on level 1 of the Dungeon)
 p - a +0 dagger
 x - a +3 dagger of venom (weapon)
   (You found it on level 2 of the Dungeon)
Missiles
 g - 10 poisoned darts
 s - 85 stones
 t - a throwing net {!d}
Armour
 d - a +0 leather armour
 e - a scarf of harm (worn)
   (You found it on level 1 of the Dungeon)
 k - a +0 scale mail (worn)
   (You found it on level 3 of the Dungeon)
 l - a +0 pair of boots (worn)
   (You found it on level 3 of the Dungeon)
 n - a +1 helmet (worn)
   (You found it on level 2 of the Dungeon)
 o - a +0 chain mail
   (You found it on level 4 of the Dungeon)
Jewellery
 f - a ring of fire {rF+, rC-}
   (You took it off a goblin on level 2 of the Dungeon)
 j - a +6 ring of strength (right hand)
   (You found it on level 1 of the Dungeon)
 v - a ring of flight {+Fly, !d}
   (You found it on level 3 of the Dungeon)
 C - a ring of protection from cold {rC+, !d}
   (You found it on level 3 of the Dungeon)
 E - a +5 ring of evasion (left hand)
   (You found it on level 2 of the Dungeon)
 F - a ring of protection from fire {rF+, !d}
   (You found it on level 4 of the Dungeon)
 V - a ring of see invisible {sInv, !d}
   (You found it on level 1 of the Dungeon)
Wands
 q - a wand of flame (19)
Scrolls
 r - a scroll of enchant armour
 X - a scroll of magic mapping {@r4!r}
Potions
 b - a potion of attraction {!q}
 c - a potion of might {unknown}
 h - a potion of heal wounds {unknown}
 i - a potion of cancellation {unknown}
 u - a potion of mutation {unknown}
 w - 2 potions of haste {unknown}
 z - a potion of degeneration {unknown}
 J - a potion of curing {@q1}
 L - a potion of flight
 P - 2 potions of lignification {!q}
 R - a potion of resistance


   Skills:
 + Level 2.2 Fighting
 + Level 2.2 Short Blades
 + Level 2.2 Long Blades
 + Level 2.2 Axes
 + Level 2.2 Maces & Flails
 + Level 2.2 Polearms
 + Level 2.2 Staves
 + Level 2.2 Ranged Weapons
 + Level 2.2 Throwing
 + Level 3.4 Armour
 + Level 2.2 Dodging
 + Level 3.3 Stealth
 + Level 2.2 Shields
 + Level 2.2 Unarmed Combat
 + Level 3.6 Spellcasting
 + Level 1.8 Conjurations
 + Level 1.8 Hexes
 + Level 5.7 Summonings
 + Level 1.8 Necromancy
 + Level 1.8 Translocations
 + Level 1.8 Transmutations
 + Level 1.8 Fire Magic
 + Level 1.8 Ice Magic
 + Level 1.8 Air Magic
 + Level 1.8 Earth Magic
 + Level 1.8 Poison Magic
 + Level 2.5 Invocations
 + Level 8.8 Evocations


You had 11 spell levels left.
You knew the following spells:

 Your Spells              Type           Power      Damage    Failure   Level
a - Summon Small Mammal   Summ           56%        N/A       8%          1

Your spell library contained the following spells:

 Spells                   Type           Power      Damage    Failure   Level
 Magic Dart               Conj           24%        1d4       38%         1
 Slow                     Hex            24%        N/A       38%         1
 Sting                    Tmut/Pois      24%        1d4       38%         1
 Summon Guardian Golem    Hex/Summ       10%        N/A       47%         3
 Ensorcelled Hibernation  Hex/Ice        12%        N/A       52%         2
 Poisonous Vapours        Pois/Air       12%        N/A       52%         2
 Searing Ray              Conj           12%        2d4       52%         2
 Confusing Touch          Hex            6%         N/A       77%         3
 Spider Form              Tmut/Pois      6%         N/A       77%         3
 Vampiric Draining        Necr           6%         2d6       77%         3
 Anguish                  Hex/Necr       3%         N/A       99%         4
 Fulminant Prism          Conj/Hex       3%         3d5       99%         4
 Olgreb's Toxic Radiance  Pois           6%         N/A       99%         4


Dungeon Overview and Level Annotations

Branches:
Dungeon (5/15) Zot: 25638
 Temple: D:4-7

Altars:
Dithmenos

Annotations:
D:5 Menkaure


Innate Abilities, Weirdness & Mutations

You have very sharp teeth.
Your uncanny sense of smell can sniff out nearby items.
Your experience applies equally to all skills.


Message History

You take 1 damage, and have 30/44 hp.
You hit the scorpion but do no damage.
You bite the scorpion, but do no damage.
You feel sick.
You kill the scorpion!
You take 2 damage, and have 28/44 hp.
No target in view!
You feel sick.
You feel sick.
You feel sick.
You feel sick.
You feel sick.
You are no longer poisoned.
y - a scroll labelled KATUOFR CIDI Health restored: 44
As you read the scroll labelled KATUOFR CIDI, it crumbles to dust.
It is a scroll of enchant weapon.
Your +2 dagger of venom glows red for a moment.
Found a stone staircase leading down.
An adder comes into view.
You see here 15 gold pieces.
The adder hisses angrily.
You hit the adder but do no damage. The adder misses you.
You hit the adder. Your punch misses the adder.
The adder bites you but does no damage.
You hit the adder.
The adder is poisoned.
The adder misses you.
You hit the adder.
You kill the adder!
No target in view!
Okay, then.
You start removing your armour.
You continue taking off your +0 scale mail. x4
You finish taking off your +0 scale mail.
You start putting on your armour.
You continue putting on your +0 leather armour. x5
You finish putting on your +0 leather armour.
You now have 283 gold pieces (gained 15).
An orc and an orc priest come into view.
The orc shouts!
An orc comes into view. It is wielding a +0 club.
The orc priest moves out of view.
You open the door.
A quokka and a hound come into view.
There is an open door here.
You start waiting.
An orc is nearby!
You hit the orc.
The orc is poisoned.
You hit the orc.
The orc looks as sick as possible!
You bite the orc, but do no damage.
You kill the orc!
You start waiting.
Menkaure is nearby!
Okay, then.
Things that are here:
a +0 dagger; a +0 ring mail; an orc corpse You start removing your armour.
You continue taking off your +0 leather armour. x4
You finish taking off your +0 leather armour.
You start putting on your armour.
You continue putting on your +0 scale mail. x5
You finish putting on your +0 scale mail.
Menkaure shouts!
Menkaure gestures at you while chanting.
Pain shoots through your body!
Things that are here:
a +0 dagger; a +0 ring mail; an orc corpse You take 3 damage, and have 41/44 hp.
Menkaure hits you but does no damage.
You hit Menkaure but do no damage. You hit Menkaure but do no damage.
You bite Menkaure, but do no damage. Menkaure barely misses you.
You hit Menkaure. Menkaure hits you!
You take 12 damage, and have 30/44 hp.
MASSIVE DAMAGE!!
You hit Menkaure.
Menkaure gestures at you while chanting.
You barely resist. You hit Menkaure.
Okay, then.
Unknown command.
You hit Menkaure.
Menkaure points at you and mumbles some strange words.
Pain shoots through your body!
You take 9 damage, and have 22/44 hp.
MASSIVE DAMAGE!!
You hit Menkaure. Menkaure hits you!
* * * LOW HITPOINT WARNING * * *
You take 19 damage, and have 3/44 hp.
MASSIVE DAMAGE!!
You hit Menkaure but do no damage.
Menkaure calls on the powers of darkness!
You feel a surge of unholy energy.
Unknown command.
You feel better.
You regained 7 hp, and now have 10/44 hp.
You hit Menkaure but do no damage. Menkaure hits you but does no damage.
You barely miss Menkaure.
Menkaure points at you and mumbles some strange words.
Pain shoots through your body!
You die...

##.##...≈≈≈≈≈...#
....##...≈≈≈...#
o....##...≈...#
......##.....###
.......##...##.#
........##'##..## ##
...o....##.#)...##..#
...>........#.......#
...........###@M....#
...........###...#...#
.................#..##
.........†.###....####
..........## ##...#..#
.....##....######....#
.....................#
...............#..## #####
.............##...###....##


You could see Menkaure.

Vanquished Creatures
  An ogre (D:4)
  A scorpion (D:5)
  An orc wizard (D:3)
  7 gnolls (D:3)
  8 adders
  3 worms
  3 dart slugs
  4 orcs
  12 endoplasms
  2 giant cockroaches (D:1)
  8 goblins
  3 hobgoblins
  7 kobolds
  4 quokkas
  8 ball pythons
  3 bats
  5 rats
80 creatures vanquished.

Vanquished Creatures (collateral kills)
  An adder (D:2)
  An endoplasm (D:1)
  A goblin (D:2)
  A hobgoblin (D:1)
  3 kobolds
  A ball python (D:1)
  A bat (D:2)
9 creatures vanquished.

Vanquished Creatures (others)
  A plant (D:1)
1 creature vanquished.

Grand Total: 90 creatures vanquished

Notes
Turn   | Place    | Note
-------+----------+-------------------------------------------
     0 | D:1      | sokol815 the Gnoll Wanderer began the quest for the Orb.
     0 | D:1      | sokol815 set off with the following items: a +0 dagger, a
                  | potion of attraction {!q}, a +0 leather armour, a wand of
                  | flame (19), a potion of lignification {!q}; and the
                  | following spell memorised: Summon Small Mammal; and the
                  | following spells available to memorise: Summon Guardian
                  | Golem.
     0 | D:1      | Reached XP level 1. HP: 13/13 MP: 4/4
   352 | D:1      | Reached XP level 2. HP: 19/19 MP: 5/5
   947 | D:2      | Reached XP level 3. HP: 25/25 MP: 1/7
  1028 | D:2      | Reached skill level 1 in Invocations
  1254 | D:2      | Reached skill level 1 in Fighting
  1254 | D:2      | Reached skill level 1 in Short Blades
  1254 | D:2      | Reached skill level 1 in Long Blades
  1254 | D:2      | Reached skill level 1 in Axes
  1254 | D:2      | Reached skill level 1 in Maces & Flails
  1254 | D:2      | Reached skill level 1 in Polearms
  1254 | D:2      | Reached skill level 1 in Staves
  1254 | D:2      | Reached skill level 1 in Ranged Weapons
  1254 | D:2      | Reached skill level 1 in Throwing
  1254 | D:2      | Reached skill level 1 in Dodging
  1254 | D:2      | Reached skill level 1 in Shields
  1254 | D:2      | Reached skill level 1 in Unarmed Combat
  1426 | D:2      | Reached XP level 4. HP: 32/32 MP: 8/8
  1661 | D:2      | Reached skill level 3 in Spellcasting
  1690 | D:2      | Reached skill level 1 in Conjurations
  1690 | D:2      | Reached skill level 1 in Hexes
  1690 | D:2      | Reached skill level 1 in Necromancy
  1690 | D:2      | Reached skill level 1 in Translocations
  1690 | D:2      | Reached skill level 1 in Transmutations
  1690 | D:2      | Reached skill level 1 in Fire Magic
  1690 | D:2      | Reached skill level 1 in Ice Magic
  1690 | D:2      | Reached skill level 1 in Air Magic
  1690 | D:2      | Reached skill level 1 in Earth Magic
  1690 | D:2      | Reached skill level 1 in Poison Magic
  2214 | D:3      | Reached XP level 5. HP: 37/37 MP: 9/9
  2475 | D:3      | Reached skill level 3 in Armour
  2719 | D:3      | Reached skill level 2 in Invocations
  3110 | D:3      | Reached skill level 3 in Stealth
  3127 | D:3      | Reached XP level 6. HP: 44/44 MP: 11/11
  3391 | D:4      | Found a shadowy altar of Dithmenos.
  3638 | D:4      | Reached skill level 2 in Fighting
  3638 | D:4      | Reached skill level 2 in Short Blades
  3638 | D:4      | Reached skill level 2 in Long Blades
  3638 | D:4      | Reached skill level 2 in Axes
  3638 | D:4      | Reached skill level 2 in Maces & Flails
  3638 | D:4      | Reached skill level 2 in Polearms
  3638 | D:4      | Reached skill level 2 in Staves
  3638 | D:4      | Reached skill level 2 in Ranged Weapons
  3638 | D:4      | Reached skill level 2 in Throwing
  3638 | D:4      | Reached skill level 2 in Dodging
  3638 | D:4      | Reached skill level 2 in Shields
  3638 | D:4      | Reached skill level 2 in Unarmed Combat
  4055 | D:5      | Entered Level 5 of the Dungeon
  4055 | D:5      | Noticed Menkaure
  4364 | D:5      | HP: 3/44 [Menkaure (19)]
  4368 | D:5      | Killed from afar by Menkaure

Illustrated notes

Levels and vault maps discovered:
D:1:      moated_graveyard_arrival, layout_loops_cross, serial_bayou_pond_e
D:2:      kb_forest_paths, layout_basic
D:3:      kennysheep_six_static_rooms, layout_basic
D:4:      layout_basic, kennysheep_mini_moat
D:5:      layout_cave_pools, serial_shops, nicolae_shop_statue_plus,
          kennysheep_diamond, uniq_grinder, uniq_ijyb, uniq_menkaure

Skill      XL: |  1  2  3  4  5  6 |
---------------+-------------------+-----
Invocations    | 1 2 |  2.5
Fighting       | 1 2 |  2.2
Short Blades   | 1 2 |  2.2
Long Blades    | 1 2 |  2.2
Axes           | 1 2 |  2.2
Maces & Flails | 1 2 |  2.2
Polearms       | 1 2 |  2.2
Staves         | 1 2 |  2.2
Ranged Weapons | 1 2 |  2.2
Throwing       | 1 2 |  2.2
Dodging        | 1 2 |  2.2
Shields        | 1 2 |  2.2
Unarmed Combat | 1 2 |  2.2
Spellcasting   | 3 |  3.6
Conjurations   | 1 |  1.8
Hexes          | 1 |  1.8
Necromancy     | 1 |  1.8
Translocations | 1 |  1.8
Transmutations | 1 |  1.8
Fire Magic     | 1 |  1.8
Ice Magic      | 1 |  1.8
Air Magic      | 1 |  1.8
Earth Magic    | 1 |  1.8
Poison Magic   | 1 |  1.8
Armour         | 3 |  3.4
Stealth        | 3 |  3.3
Summonings     | |  5.7
Evocations     | |  8.8

Action                     |  1- 3 |  4- 6 || total
---------------------------+-------+-------++-------
  Melee: Dagger            |    44 |   193 ||   237
         Bite              |     5 |    21 ||    26
         Punch             |     2 |     3 ||     5
         Spear             |    44 |       ||    44
         Hand axe          |       |    11 ||    11
  Throw: Stone             |     6 |       ||     6
   Cast: Summon Small Mamm |    44 |       ||    44
    Use: Scroll            |     5 |     8 ||    13
         Potion            |       |     1 ||     1
   Stab: Sleeping          |     1 |     3 ||     4
 Armour: Leather armour    |    16 |     6 ||    22
         Scale mail        |       |    42 ||    42
  Dodge: Dodged            |    63 |   122 ||   185

Table legend: (Time is in decaauts)
 A = Elapsed time spent in this place.
 B = Non-inter-level travel time spent in this place.
 C = Inter-level travel time spent in this place.
 D = Time resting spent in this place.
 E = Time spent auto-exploring this place.
 F = Levels seen in this place.
 G = Mean time per level.
                   A        B        C        D        E       F      G
               +--------+--------+--------+--------+--------+-----+--------+
         Total |   4360 |   4241 |    119 |    379 |   2998 |   5 |  872.0 |
       Dungeon |   4360 |   4241 |    119 |    379 |   2998 |   5 |  872.0 |
               +--------+--------+--------+--------+--------+-----+--------+

Top non-repeatable levels by time:
     D:2: 1187 daAuts
     D:3: 1174 daAuts
     D:4: 901 daAuts
     D:1: 832 daAuts
     D:5: 264 daAuts

Table legend:
 A = Kills in this place as a percentage of kills in entire the game.
 B = Kills by you in this place as a percentage of kills by you in the entire game.
 C = Kills by friends in this place as a percentage of kills by friends in the entire game.
 D = Other kills in this place as a percentage of other kills in the entire game.
 E = Experience gained in this place as a percentage of experience gained in the entire game.
 F = Experience gained in this place divided by the number of levels of this place that you have seen.
                   A       B       C       D       E      F
               +-------+-------+-------+-------+-------+----------------------
         Total | 100.0 | 100.0 | 100.0 |   N/A | 100.0 | 118.6
       Dungeon | 100.0 | 100.0 | 100.0 |   N/A | 100.0 | 118.6
               +-------+-------+-------+-------+-------+----------------------
